 Dungeon Crawl Stone Soup version 0.25.1-2-g60ff931df9 (webtiles) character file.

Game seed: 10938215325156257440

246 raphialitos the Conjurer (level 5, -18/28 HPs)
             Began as a Deep Elf Conjurer on Oct 20, 2020.
             Killed from afar by a steam dragon (20 damage)
             ... with a ball of steam
             ... on level 4 of the Dungeon.
             The game lasted 00:08:08 (3507 turns).

raphialitos the Conjurer (Deep Elf Conjurer)        Turns: 3507, Time: 00:08:08

Health: -18/28     AC:  3    Str:  5    XL:     5   Next: 84%
Magic:  22/32      EV: 13    Int: 21    God:
Gold:   214        SH:  0    Dex: 15    Spells: 3/13 levels left

rFire    . . .     SeeInvis .   b - +1 dagger
rCold    . . .     Gourm    .   (no shield)
rNeg     . . .     Faith    .   a - +0 robe
rPois    .         Spirit   .   (no helmet)
rElec    .         Reflect  .   (no cloak)
rCorr    .         Harm     .   f - +0 pair of gloves
MR       .....                  (no boots)
Stlth    ++........             (no amulet)
HPRegen  0.09/turn              e - ring of magical power
MPRegen  0.23/turn              h - ring of magical power

@: very slightly contaminated
A: no striking features
a: no special abilities


You were on level 4 of the Dungeon.
You were not hungry.

You visited 1 branch of the dungeon, and saw 4 of its levels.

You collected 214 gold pieces.

Inventory:

Hand Weapons
 b - a +1 dagger (weapon)
Missiles
 i - 45 arrows
 l - 12 boomerangs (quivered)
 o - 15 sling bullets
Armour
 a - a +0 robe (worn)
 f - a +0 pair of gloves (worn)
Jewellery
 e - a ring of magical power (left hand)
 h - a ring of magical power (right hand)
Scrolls
 k - 2 scrolls of fear
Potions
 d - a potion of heal wounds {unknown}
 j - a potion of ambrosia {unknown}
 m - a potion of brilliance {unknown}
 n - a potion of lignification {unknown}
 q - a potion of stabbing {unknown}
Comestibles
 c - 9 rations
 p - 2 chunks of flesh


   Skills:
 + Level 0.3 Fighting
 + Level 1.1 Short Blades
 + Level 3.0 Dodging
 + Level 3.2 Stealth
 + Level 4.8 Spellcasting
 + Level 6.4 Conjurations


You had 3 spell levels left.
You knew the following spells:

 Your Spells              Type           Power        Failure   Level  Hunger
a - Magic Dart            Conj           ####         1%          1    None
b - Searing Ray           Conj           ####..       1%          2    None
c - Dazzling Flash        Conj/Hex       ###...       9%          3    ##.....
d - Fulminant Prism       Conj/Hex       ###.......   28%         4    ####...

Your spell library contained the following spells:

 Spells                   Type           Power        Failure   Level  Hunger
 Iskenderun's Mystic Bla  Conj/Tloc      ###.....     28%         4    ####...


Dungeon Overview and Level Annotations

Branches:
Dungeon (4/15)
 Temple: D:4-7

Altars:


Message History

You feel better. The steam dragon closely misses you.
The steam dragon barely misses you.
Casting: Searing Ray (safe; 1% risk of failure)
Confirm with . or Enter, or press ? or * to list all spells.
Aiming: Searing Ray (safe; 1% risk of failure)
Press: ? - help, Shift-Dir - straight line, f/p - steam dragon
Aim: a steam dragon (heavily wounded)
The searing ray hits the steam dragon.
The steam dragon is severely wounded. (Press . to maintain the ray.)
The steam dragon bites you!
* * * LOW HITPOINT WARNING * * *
The steam dragon claws you.
* * * LOW HITPOINT WARNING * * *
The searing ray hits the steam dragon.
The steam dragon is almost dead.
The steam dragon breathes steam at you. The ball of steam hits you!!
Ouch! That really hurt!
You die...

### ..# ## #.# .#
#.# .# ###.# .#
#...##.#.#
#.#..D>..#
#.#<@#...#
#.####...#
########.#.. .....
#........#.#
##..#.#
#..........# .># #
#..........#### ..
#.........###.#.###
#.........# #.#.#
##..†.....###...#


You could see a steam dragon (catching breath).

Vanquished Creatures
  A scorpion (D:4)
  2 orc priests (D:3)
  A worker ant (D:4)
  2 adders (D:2)
  2 worms
  3 dart slugs
  A leopard gecko (D:3)
  13 orcs (D:3)
  A giant cockroach (D:2)
  6 goblins
  13 hobgoblins
  3 quokkas
  7 bats
  4 frilled lizards
  10 kobolds
  4 rats
73 creatures vanquished.

Notes
Turn   | Place    | Note
-------+----------+-------------------------------------------
     0 | D:1      | raphialitos the Deep Elf Conjurer began the quest for the
                  | Orb.
     0 | D:1      | Reached XP level 1. HP: 10/10 MP: 6/6
   479 | D:1      | Reached XP level 2. HP: 15/15 MP: 5/8
   604 | D:1      | Learned a level 2 spell: Searing Ray
   847 | D:1      | Reached skill level 5 in Conjurations
  1254 | D:2      | Reached XP level 3. HP: 19/19 MP: 5/9
  2256 | D:3      | Reached XP level 4. HP: 20/24 MP: 11/11
  2290 | D:3      | Reached skill level 6 in Conjurations
  2526 | D:3      | Reached XP level 5. HP: 9/28 MP: 13/13
  3332 | D:3      | Learned a level 3 spell: Dazzling Flash
  3337 | D:3      | Learned a level 4 spell: Fulminant Prism
  3375 | D:4      | Reached skill level 1 in Short Blades
  3496 | D:4      | Noticed a steam dragon
  3507 | D:4      | Killed from afar by a steam dragon

Illustrated notes

Levels and vault maps discovered:
D:1:      wander_arrival_peaceful_grave, layout_loops_corners
D:2:      layout_rooms
D:3:      layout_loops_ring
D:4:      layout_basic, first_ration

Skill      XL: |  1  2  3  4  5 |
---------------+----------------+-----
Conjurations   | 5 6 |  6.4
Spellcasting   | 4 |  4.8
Stealth        | 3 |  3.2
Short Blades   | 1 |  1.1
Dodging        | 3 |  3.0
Fighting       | |  0.3

Action                   |  1- 3 |  4- 6 || total
-------------------------+-------+-------++-------
Melee: Dagger            |    27 |    19 ||    46
 Cast: Magic Dart        |    44 |    32 ||    76
       Searing Ray       |     9 |    18 ||    27
  Use: Scroll            |     7 |       ||     7
       Potion            |       |     2 ||     2
 Stab: Sleeping          |       |     3 ||     3
  Eat: Chunk             |     4 |     4 ||     8
Armor: Robe              |     3 |     5 ||     8
Dodge: Dodged            |    24 |    14 ||    38
